 Dungeon Crawl Stone Soup version 0.30-a0-691-g754fce4c43 (webtiles) character file.

Game seed: 3455777879476559266

663992 omnomnOMINOUS the Acrobat (level 27, -1/209 HPs)
             Began as an Octopode Wanderer on Jan 15, 2023.
             Was the Champion of Vehumet.
             Slain by a royal mummy (29 damage)
             ... on level 1 of the Tomb of the Ancients on Jan 20, 2023.
             The game lasted 08:09:31 (106116 turns).

omnomnOMINOUS the Acrobat (Octopode Wanderer)     Turns: 106116, Time: 08:09:31

Health: -1/209     AC:  9    Str: 22    XL:     27
Magic:  30/41      EV: 31    Int: 43    God:    Vehumet [******]
Gold:   6137       SH:  9    Dex: 22    Spells: 3/55 levels left

rFire   + . .      SeeInvis +    a - +0 staff of Battle
rCold   + . .      Faith    .    c - +3 buckler {rF+}
rNeg    + . .      Spirit   .    B - +2 hat
rPois   +          Reflect  .    M - amulet "Nehaciradi" {Acrobat rPois Regen+ Int+4 Dex-4}
rElec   +          Harm     .    s - +4 ring of protection
rCorr   +          Rampage  .    n - ring "Quemygg" {Drain rElec Int+6 Dex+6 Stlth+}
Will    ++++.                    N - ring "Jaysch" {rC+ Will+ Str+6 Dex+3}
Stlth   ++++++++                 Q - ring of Qadaotua {rPois rCorr Slay+3}
HPRegen 1.34/turn                V - ring "Qaots" {Str+4 Slay+4}
MPRegen 0.27/turn                E - ring of Legefus {rElec rPois Int+4 SInv}
                                 I - ring "Patox" {Will+ Dex+6}
                                 y - ring of Butchery {rN+ Int+5}

@: brilliant, very slightly contaminated, hasted, studying 2 skills, very quick
A: almost no armour, amphibious, 8 rings, camouflage 1, gelatinous body 1,
(nimble swimmer 1), tentacles, iridescent scales 1, clumsy 1, dopey 1
}: 5/15 runes: decaying, serpentine, slimy, silver, abyssal
a: Renounce Religion


You were on level 1 of the Tomb of the Ancients.
You worshipped Vehumet.
Vehumet was exalted by your worship.
You visited 11 branches of the dungeon, and saw 52 of its levels.
You visited the Abyss 1 time.
You visited 1 bazaar.
You also visited: Sewer, Ice Cave and Desolation.

You collected 9916 gold pieces.
You spent 3779 gold pieces at shops.

Inventory:

Hand Weapons
 a - the +0 staff of Battle (weapon)
   (You acquired it on level 12 of the Dungeon)

   It enhances your conjuration magic.
   It summons a battlesphere in combat, with strength depending on Conjurations
   skill.
   Its strikes trigger the battlesphere's blasts.
Missiles
 T - 12 throwing nets
Armour
 c - a +3 buckler of fire resistance (worn)
 B - a +2 hat (worn)
Jewellery
 f - the ring of Brilliance {+Blink rC+ Dex+3}
   (You bought it in a shop on level 2 of the Elven Halls)

   [ring of protection from cold]

   Dex:       It affects your dexterity (+3).
   rC:        It protects you from cold.
   +Blink:    It lets you blink.
 n - the ring "Quemygg" (right tentacle) {Drain rElec Int+6 Dex+6 Stlth+}
   (You found it in the Desolation of Salt)

   [ring of dexterity]

   Int:       It affects your intelligence (+6).
   Dex:       It affects your dexterity (+6).
   rElec:     It insulates you from electricity.
   Drain:     It drains your maximum health when unequipped.
   Stlth:     It makes you more stealthy.
 q - the ring of the Evening {rPois Str+8 Dex-3 Slay+6}
   (You took it off a yaktaur captain on level 5 of the Vaults)

   [ring of poison resistance]

   Str:       It affects your strength (+8).
   Dex:       It affects your dexterity (-3).
   Slay:      It affects your accuracy & damage with ranged weapons and melee
   (+6).
   rPois:     It protects you from poison.
 s - a +4 ring of protection (left tentacle)
 y - the ring of Butchery (on tentacle) {rN+ Int+5}
   (You bought it in a shop on level 3 of the Elven Halls)

   [ring of positive energy]

   Int:       It affects your intelligence (+5).
   rN:        It protects you from negative energy.
 D - a +4 ring of protection
 E - the ring of Legefus (on tentacle) {rElec rPois Int+4 SInv}
   (You found it on level 5 of the Vaults)

   [ring of poison resistance]

   Int:       It affects your intelligence (+4).
   rElec:     It insulates you from electricity.
   rPois:     It protects you from poison.
   SInv:      It lets you see invisible.
 G - a +4 ring of protection
 I - the ring "Patox" (on tentacle) {Will+ Dex+6}
   (You acquired it on level 3 of the Depths)

   [ring of dexterity]

   Dex:       It affects your dexterity (+6).
   Will:      It increases your willpower.
 J - the ring of Linearity {rC+ Int+2}
   (You found it in the Desolation of Salt)

   [ring of protection from cold]

   Int:       It affects your intelligence (+2).
   rC:        It protects you from cold.
 M - the amulet "Nehaciradi" (around mantle) {Acrobat rPois Regen+ Int+4 Dex-4}
   (You took it off an imperial myrmidon in the Desolation of Salt)

   [amulet of the acrobat]

   It increases your evasion while moving and waiting.
   Int:       It affects your intelligence (+4).
   Dex:       It affects your dexterity (-4).
   rPois:     It protects you from poison.
   Regen:     It increases your rate of health regeneration.
 N - the ring "Jaysch" (on tentacle) {rC+ Will+ Str+6 Dex+3}
   (You took it off a deep elf master archer on level 3 of the Elven Halls)

   [ring of strength]

   Str:       It affects your strength (+6).
   Dex:       It affects your dexterity (+3).
   rC:        It protects you from cold.
   Will:      It increases your willpower.
 Q - the ring of Qadaotua (on tentacle) {rPois rCorr Slay+3}
   (You took it off a deep elf zephyrmancer on level 3 of the Elven Halls)

   [ring of resist corrosion]

   Slay:      It affects your accuracy & damage with ranged weapons and melee
   (+3).
   rPois:     It protects you from poison.
   rCorr:     It protects you from acid and corrosion.
 V - the ring "Qaots" (on tentacle) {Str+4 Slay+4}
   (You found it on level 7 of the Dungeon)

   [ring of slaying]

   Str:       It affects your strength (+4).
   Slay:      It affects your accuracy & damage with ranged weapons and melee
   (+4).
 X - a ring of protection from fire
 Y - the ring of Kuyvesef {rC- Will++ EV+5 Str-2 Int+9}
   (You found it on level 3 of the Crypt)

   [ring of evasion]

   EV:        It affects your evasion (+5).
   Str:       It affects your strength (-2).
   Int:       It affects your intelligence (+9).
   rC:        It makes you vulnerable to cold.
   Will:      It greatly increases your willpower.
 Z - the ring "Muikh" {rElec rN+ Int+3 Dex-5}
   (You found it on level 3 of the Crypt)

   [ring of positive energy]

   Int:       It affects your intelligence (+3).
   Dex:       It affects your dexterity (-5).
   rElec:     It insulates you from electricity.
   rN:        It protects you from negative energy.
Wands
 b - a wand of digging (13)
 e - a wand of mindburst (6)
 w - a wand of roots (29)
 L - a wand of charming (63)
 P - a wand of polymorph (34)
 W - a wand of acid (27)
Scrolls
 r - 4 scrolls of butterflies
 t - 12 scrolls of immolation
 u - a scroll of teleportation
 x - 19 scrolls of fog
 A - 9 scrolls of vulnerability
 C - 6 scrolls of silence
 H - 5 scrolls of magic mapping
 O - 7 scrolls of fear
 R - a scroll of blinking
Potions
 g - 7 potions of resistance
 h - 7 potions of flight
 k - 4 potions of invisibility
 m - 26 potions of curing
 o - 3 potions of magic
 p - 3 potions of mutation
 F - 2 potions of cancellation
 K - 6 potions of haste
 S - 7 potions of brilliance
 U - 8 potions of might
Miscellaneous
 d - a tin of tremorstones (2/2)
 i - a box of beasts
 j - a condenser vane
 l - a phial of floods
 v - a lightning rod (4/4)
 z - a phantom mirror


   Skills:
 + Level 22.4 Fighting
 - Level 14.0 Staves
 + Level 22.7 Dodging
 - Level 14.0 Stealth
 - Level 5.0 Shields
 + Level 14.9 Spellcasting
 - Level 15.0 Conjurations
 - Level 14.0 Hexes
 - Level 7.0 Translocations
 - Level 14.0 Ice Magic
 - Level 14.0 Air Magic
 + Level 20.3 Earth Magic
 - Level 8.0 Evocations


You had 3 spell levels left.
You knew the following spells:

 Your Spells              Type           Power      Damage    Failure   Level
a - Shock                 Conj/Air       100%       1d9       0%          1
b - Apportation           Tloc           100%       N/A       1%          1
c - Fulminant Prism       Conj/Hex       75%        3d32      1%          4
d - Iskenderun's Mystic   Conj/Tloc      100%       2d19      1%          4
e - Borgnjor's Vile Clut  Necr/Erth      54%        N/A       1%          5
f - Iron Shot             Conj/Erth      80%        9d15      1%          6
g - Freezing Cloud        Conj/Ice/Air   74%        6-21      1%          5
h - Lee's Rapid Deconstr  Erth           71%        3d32*     0%          5
i - Shatter               Erth           71%        3d52*     7%          9
j - Passwall              Tmut/Erth      90%        N/A       1%          2
k - Swiftness             Air            100%       N/A       0%          3
m - Irradiate             Conj/Tmut      60%        3d31      1%          5
n - Blink                 Tloc           100%       N/A       1%          2

Your spell library contained the following spells:

 Spells                   Type           Power      Damage    Failure   Level
 Polar Vortex             Ice            61%        N/A       63%         9
 Ignition                 Fire           24%        3d8       100%        8
 Fire Storm               Conj/Fire      60%        8d15      100%        9
 Freeze                   Ice            100%       1d10      0%          1
 Slow                     Hex            100%       N/A       0%          1
 Ensorcelled Hibernation  Hex/Ice        100%       N/A       0%          2
 Dazzling Flash           Conj/Hex       100%       N/A       0%          3
 Frozen Ramparts          Ice            100%       1d16      0%          3
 Hailstorm                Conj/Ice       100%       3d20      0%          3
 Ozocubu's Armour         Ice            100%       N/A       0%          3
 Stone Arrow              Conj/Erth      100%       3d13      0%          3
 Tukima's Dance           Hex            100%       N/A       0%          3
 Beastly Appendage        Tmut           96%        N/A       1%          1
 Foxfire                  Conj/Fire      100%       2x1d9     1%          1
 Necrotise                Necr           100%       1d9       1%          1
 Summon Small Mammal      Summ           100%       N/A       1%          1
 Cigotuvi's Dreadful Rot  Necr/Pois/Air  100%       N/A       1%          2
 Sublimation of Blood     Necr           48%        N/A       1%          2
 Wereblood                Tmut           48%        N/A       1%          2
 Inner Flame              Hex/Fire       95%        N/A       1%          3
 Kindle Blastsparks       Fire/Tloc/Air  100%       2d18      1%          3
 Portal Projectile        Hex/Tloc       100%       N/A       1%          3
 Summon Guardian Golem    Hex/Summ       95%        N/A       1%          3
 Call Canine Familiar     Summ           48%        N/A       3%          3
 Spider Form              Tmut/Pois      48%        N/A       3%          3
 Vampiric Draining        Necr           48%        2d9       3%          3
 Leda's Liquefaction      Hex/Erth       66%        N/A       0%          4
 Airstrike                Air            61%        2d(9-25)  1%          4
 Anguish                  Hex/Necr       47%        N/A       1%          4
 Cause Fear               Hex            62%        N/A       1%          4
 Flame Wave               Conj/Fire      100%       2d21      1%          4
 Ice Form                 Ice/Tmut       95%        N/A       1%          4
 Manifold Assault         Tloc           95%        N/A       1%          4
 Passage of Golubria      Tloc           95%        N/A       1%          4
 Petrify                  Tmut/Erth      100%       N/A       1%          4
 Summon Ice Beast         Ice/Summ       95%        N/A       1%          4
 Summon Lightning Spire   Summ/Air       95%        N/A       1%          4
 Fireball                 Conj/Fire      60%        3d23      1%          5
 Iskenderun's Battlesphe  Conj           100%       2d15      1%          5
 Lightning Bolt           Conj/Air       75%        1d101     1%          5
 Metabolic Englaciation   Hex/Ice        62%        N/A       1%          5
 Summon Mana Viper        Hex/Summ       95%        N/A       1%          5
 Yara's Violent Unravell  Hex/Tmut       47%        3d18      1%          5
 Conjure Ball Lightning   Conj/Air       75%        3x3d28    1%          6
 Orb of Destruction       Conj           76%        9d17      1%          7
 Starburst                Conj/Fire      60%        6d16      2%          6
 Statue Form              Tmut/Erth      72%        N/A       2%          6
 Enfeeble                 Hex            62%        N/A       3%          7
 Maxwell's Capacitive Co  Air            61%        ∞         7%          8
 Simulacrum               Ice/Necr       47%        N/A       10%         6
 Dispel Undead            Necr           48%        3d18      11%         4
 Spellforged Servitor     Conj/Summ      60%        N/A       12%         7
 Discord                  Hex            62%        N/A       22%         8
 Agony                    Necr           48%        N/A       30%         5
 Alistair's Intoxication  Tmut/Pois      32%        N/A       30%         5
 Blade Hands              Tmut           24%        N/A       30%         5
 Eringya's Noxious Bog    Tmut/Pois      24%        N/A       38%         6
 Storm Form               Tmut/Air       47%        N/A       47%         7
 Chain Lightning          Conj/Air       75%        3d100     56%         9
 Death Channel            Necr           24%        N/A       86%         6
 Dragon Form              Tmut           24%        N/A       100%        7
 Monstrous Menagerie      Summ           24%        N/A       100%        7
 Summon Hydra             Summ           24%        N/A       100%        7
 Borgnjor's Revivificati  Necr           24%        N/A       100%        8
 Necromutation            Tmut/Necr      24%        N/A       100%        8
 Death's Door             Necr           24%        N/A       100%        9


Dungeon Overview and Level Annotations

Branches:
Dungeon (15/15)            Temple (0/1) D:7            Lair (5/5) D:8
  Swamp (4/4) Lair:2        Snake (4/4) Lair:2        Slime (5/5) Lair:4
    Orc (2/2) D:11            Elf (3/3) Orc:2        Vaults (5/5) D:13
  Crypt (3/3) Vaults:3       Tomb (2/3) Crypt:3      Depths (4/4) D:15
    Zot (0/5) Depths:4      Sewer (visited)           IceCv (visited)
Desolation (visited)

Altars:
Ashenzari
Elyvilon
Kikubaaqudgha
Makhleb
Okawaru
Ru
Trog
Vehumet
Xom
Yredelemnul
Zin
The Shining One
Jiyva
Lugonu

Shops:
D:2 !   D:11 *   Orc:2 ([(![   Elf:1 =   Elf:2 =   Elf:3 :=:?   Snake:4 !
Vaults:2 =   Vaults:4 (

Portals:
Hell: Depths:1 Depths:2 Depths:3 Depths:4
Abyss: Lair:5 Depths:1 Depths:2 Depths:3 Depths:4
Pandemonium: Depths:2 Depths:3
Ziggurat: Depths:3


Innate Abilities, Weirdness & Mutations

You cannot wear most types of armour.
You are amphibious.
You can wear up to eight rings at the same time.
Your skin changes colour to match your surroundings (Stealth+).
Your rubbery body absorbs attacks. (AC +1, EV +1)
((You are camouflaged when in or above water. (Stealth+)))
You have tentacles for arms and can constrict up to eight enemies at once.
You are partially covered in iridescent scales. (AC +2)
You are clumsy. (Dex -2)
You are dopey. (Int -2)


Message History

You destroy the harpy zombie!
Vehumet accepts your kill.
You feel your power returning.
The royal mummy is heavily damaged.
You kill the emperor scorpion!
The emperor scorpion's corpse disappears in a puff of smoke!
You kill the emperor scorpion!
The emperor scorpion's corpse disappears in a puff of smoke!
The royal mummy is severely damaged.
You destroy the death scarab!
The death scarab's corpse disappears in a puff of smoke!
You destroy the death scarab!
Vehumet accepts your kill.
The royal mummy is heavily damaged.
You destroy the death scarab!
Vehumet accepts your kill.
You feel your power returning.
The emperor scorpion is severely wounded.
The emperor scorpion is moderately wounded.
The emperor scorpion is almost dead.
You destroy the mummy priest!
Vehumet accepts your kill.
You feel your power returning.
The emperor scorpion is moderately wounded.
The royal mummy is heavily damaged.
Ka-crash!
You feel extremely nervous for a moment...
Pain shoots through your body!
* * * LOW HITPOINT WARNING * * *
You hear a faint skittering sound.
The royal mummy gestures wildly while chanting.
You hear a faint skittering sound.
Unknown command.
Casting: Shatter (dangerous; 7% risk of failure)
Confirm with . or Enter, or press ? or * to list all spells.
You feel a surge of power!
You miscast Shatter.
You feel a surge of energy from the ground.
* * * LOW HITPOINT WARNING * * *
The royal mummy hits you!!
You die...

.........#######..#,,*#.........#
.........^........#,,*#.........#
.....##############,,*#.........#
''''## ##...,,^**,,*#.........#
.....# ##.W.,,,,,*,^##.........#
...8.# ##...####,,,,.##.........#
.....###...M.†§##,,..##.........#
.....##...s..M.B##...##.^.......#
...8.##>.#...§sM@.M..##.........#
.....##...#..s^M##....#.........#
.....###.M.#s.*##,,..##.........#
...8.# ##...###*,,,,.##.........#
.....# #...M.,,,,*,,##.........#
.....# .#.....,**,^*#.........#
...8.# *#####******#.........#
.....##################......)..#
................................#


You could see 6 royal mummies, 4 emperor scorpions, a death scarab (summoned)
and a friendly battlesphere.

Vanquished Creatures
  the Royal Jelly (Slime:5)
  Dissolution (Slime:4)
  A dread lich (Vaults:5)
  2 ancient liches
  9 royal mummies
  Saint Roka (Snake:1)
  Margery (Depths:3)
  Vashnia (Snake:1)
  4 golden dragons
  Nikola (Swamp:4)
  A pearl dragon (Depths:1)
  the Enchantress (Depths:3)
  5 bone dragons
  Zenata (Elf:1)
  Jorgrun (Snake:1)
  Rupert (Lair:5)
  4 tentacled monstrosities
  Mlioglotl (Snake:4)
  3 deep elf blademasters
  6 liches
  2 deep elf master archers (Elf:3)
  2 titans (Vaults:5)
  A shard shrike skeleton (Crypt:3)
  Asterion (Snake:4)
  A quicksilver dragon (Vaults:5)
  16 acid blobs
  20 sphinxes
  A kraken (Abyss:5)
  Kirke (D:14)
  18 tentacled starspawn
  7 tengu reavers
  2 thorn hunters
  7 ancient champions
  4 shadow dragons
  5 storm dragons (Vaults:5)
  11 rockslimes
  9 fire giants
  Roxanne (Elf:1)
  13 nagarajas (Snake:4)
  7 revenants
  11 azure jellies
  A draconian monk (Depths:4)
  A fenstrider witch (Swamp:4)
  3 imperial myrmidons (Desolation)
  Louise (Elf:3)
  12 frost giants
  2 orc warlords (Vaults:3)
  16 vault wardens
  8 deep elf sorcerers
  Aizul (Snake:2)
  A curse skull (Crypt:2)
  6 iron dragons
  6 ghouls (Crypt:3)
  6 deep elf elementalists
  A draconian shifter (Abyss:3)
  A cacodemon (Abyss:3)
  A caustic shrike zombie (Abyss:3)
  4 war gargoyles
  A draconian stormcaller (Depths:4)
  6 caustic shrike skeletons (Crypt:3)
  21 ironbound preservers
  16 quicksilver oozes
  5 spriggan defenders
  2 reapers
  11 ironbound thunderhulks
  An apis (Depths:1)
  24 very ugly things
  3 eleionomae
  An ophan (Depths:1)
  6 vampire knights
  3 green draconians
  7 deep elf demonologists
  24 stone giants
  6 deep elf annihilators
  4 bennus
  A black draconian (Depths:4)
  2 yellow draconians (Depths:4)
  A halazid warlock (Desolation)
  2 bunyips
  Azrael (Elf:1)
  16 dire elephants
  12 deep elf death magi
  2 merfolk impalers
  9 eidola
  18 ettins
  17 mummy priests
  Snorg (D:11)
  4 crystal guardians
  4 jiangshi
  9 fire dragons
  13 yaktaur captains
  Josephine (D:11)
  9 servants of whispers (Desolation)
  2 entropy weavers
  12 great orbs of eyes
  3 ragged hierophants (Desolation)
  9 deep elf high priests
  A spriggan zombie (Crypt:3)
  34 vault guards
  2 hell beasts (Depths:4)
  24 centaur warriors
  16 hydras
  4 rakshasas
  8 ice dragons
  2 ghost crabs
  4 spriggan air magi
  A quicksilver dragon skeleton (Crypt:3)
  A shambling mangrove (Abyss:5)
  3 spriggan skeletons (Crypt:3)
  2 death knights (Crypt:1)
  3 ogre magi
  An Orb Guardian zombie (Crypt:2)
  15 anacondas
  13 peacekeepers
  5 ironbound frosthearts
  Erica (D:11)
  A two-headed ogre (shapeshifter) (Vaults:5)
  25 dancing weapons
  12 alligators
  4 boulder beetles
  A catoblepas (D:13)
  12 death yaks
  23 death scarabs
  8 two-headed ogres
  5 hell hogs (Abyss:3)
  19 naga warriors
  19 naga sharpshooters
  3 tengu warriors (Depths:1)
  8 vampire magi
  4 deep troll shamans
  5 shock serpents
  2 shock serpents (shapeshifter) (Vaults:5)
  8 deep troll earth magi
  18 thrashing horrors
  Sonja (Lair:3)
  Amaemon (Lair:3)
  8 spriggan berserkers
  6 soul eaters
  3 hell knights (Depths:3)
  16 deep elf knights
  2 salamander mystics
  13 spriggans
  5 sixfirhies
  Lodul (D:11)
  4 titan skeletons (Crypt:3)
  A spatial maelstrom (Abyss:4)
  A fire crab (Abyss:5)
  9 wretched stars
  19 skeletal warriors
  A shadow wraith (Crypt:1)
  5 glowing orange brains
  56 deep trolls
  5 goliath frogs
  A golden dragon zombie (Vaults:3)
  A glowing orange brain (shapeshifter) (Vaults:3)
  An iron giant zombie (Crypt:2)
  11 deep elf archers
  4 iron trolls
  A death drake (shapeshifter) (Elf:2)
  10 swamp dragons
  A shadow demon (Abyss:3)
  7 flayed ghosts
  9 phantasmal warriors
  A bog body (Swamp:2)
  6 wizards
  2 golden dragon skeletons (Crypt:3)
  An anaconda skeleton (Crypt:3)
  4 spriggan druids
  A bunyip skeleton (Tomb:1)
  12 lindwurms
  7 naga ritualists
  9 necromancers
  36 starcursed masses (Abyss:3)
  11 orc knights
  24 deep elf pyromancers
  A harpy (shapeshifter) (Depths:3)
  24 deep elf zephyrmancers
  29 ironbound convokers
  8 mana vipers
  2 cyclopes
  3 oklob plants (Swamp:3)
  A stone giant zombie (Crypt:1)
  5 worldbinders
  49 ugly things
  A faun (shapeshifter) (Vaults:1)
  An orc sorcerer (Snake:2)
  8 will-o-the-wisps
  4 manticores
  A moth of wrath (shapeshifter) (Vaults:5)
  12 shining eyes
  13 salamanders
  A guardian serpent (shapeshifter) (D:15)
  A fire giant skeleton (Crypt:3)
  A titan simulacrum (Crypt:1)
  A stone giant skeleton (Vaults:3)
  A frost giant skeleton (Vaults:3)
  4 apocalypse crabs
  A molten gargoyle (Desolation)
  35 black mambas
  2 orange demons
  2 rust devils (Depths:2)
  A dire elephant zombie (Crypt:1)
  6 cane toads
  22 vault sentinels
  5 eyes of devastation
  14 naga magi
  An eye of devastation (shapeshifter) (Vaults:5)
  18 guardian serpents
  26 large abominations
  An unseen horror (shapeshifter) (Lair:5)
  3 naga zombies
  A gargoyle (D:14)
  An ice statue (IceCv)
  A hellion (Depths:3)
  6 smoke demons
  3 naga skeletons (Crypt:3)
  An unseen horror (D:7)
  2 alligator snapping turtle skeletons
  5 dire elephant skeletons
  A komodo dragon (shapeshifter) (D:13)
  A shock serpent skeleton (Crypt:2)
  A centaur skeleton (Crypt:3)
  2 kobold demonologists
  2 freezing wraiths
  10 rime drakes
  2 ice devils
  An efreet (D:12)
  29 yaktaurs
  13 komodo dragons
  5 tengu conjurers
  A yellow draconian skeleton (Crypt:1)
  A mana viper zombie (Crypt:1)
  A hydra zombie (Abyss:3)
  A human skeleton (Vaults:3)
  23 guardian mummies
  2 harpy zombies
  A wind drake (shapeshifter) (Lair:5)
  3 meliai (D:13)
  4 trolls
  Grinder (D:3)
  8 ancient zymes
  A hellwing (Abyss:3)
  2 bloated husks (Swamp:4)
  3 harpy skeletons
  2 hydra skeletons
  17 polar bears
  A mana viper skeleton (Crypt:3)
  5 tyrant leeches
  13 hornets
  A blink frog (shapeshifter) (Abyss:5)
  10 dream sheep
  71 saltlings (Desolation)
  The ghost of tio the Covered, an amateur HuWn (D:3)
  A deep troll zombie (Vaults:2)
  An ettin zombie (Crypt:1)
  18 raiju
  A dream sheep (shapeshifter) (Depths:1)
  25 blink frogs
  Prince Ribbit (D:8)
  A stone giant simulacrum (Vaults:3)
  2 human simulacra (Vaults:2)
  127 slime creatures
  24 flying skulls
  4 shadows
  An ice dragon skeleton (Crypt:2)
  Sigmund (D:3)
  A centaur simulacrum (D:12)
  66 yaks
  9 water elementals
  2 air elementals
  An ettin skeleton (Vaults:3)
  A vampire (D:12)
  3 wyverns
  8 ynoxinuls
  A fire dragon skeleton (Crypt:1)
  2 humans (D:13)
  2 black mamba skeletons
  4 fire bats (Abyss:3)
  20 golden eyes
  8 fire elementals
  4 hogs
  17 ushabtiu
  8 wraiths
  7 basilisks
  4 neqoxecs
  12 vampire mosquitoes
  7 chaos spawn
  A steam dragon (Lair:1)
  3 redbacks (Vaults:5)
  Edmund (D:6)
  Menkaure (D:7)
  A warg (shapeshifter) (Depths:3)
  7 wargs
  A spatial vortex (Abyss:4)
  52 nagas
  13 swamp worms
  A cane toad zombie (Crypt:1)
  A glowing shapeshifter skeleton (Vaults:3)
  3 acid dragons
  A human zombie (Vaults:2)
  11 water moccasins
  10 hell hounds
  2 ice beasts (D:6)
  8 swamp drakes (Swamp:4)
  A floating eye (shapeshifter) (Vaults:5)
  2 floating eyes
  2 deep troll skeletons
  A sky beast (D:6)
  61 orc warriors
  31 small abominations
  4 black bears (D:12)
  A black bear (shapeshifter) (Vaults:5)
  17 ogres
  22 wolves
  The ghost of IdlyInterested the Chopper, an amateur DsGl (D:3)
  The ghost of flotson the Sneak, an amateur DsDe (D:3)
  An elephant skeleton (Crypt:1)
  7 boggarts
  19 centaurs
  A phantom (D:7)
  The ghost of Wiilli the Digger, an amateur GrEE (D:3)
  4 kobold brigands
  5 necrophages
  12 bullfrogs
  2 gnoll sergeants
  An earth elemental (Elf:1)
  5 scorpions
  A two-headed ogre simulacrum (Orc:1)
  16 wights
  A glowing shapeshifter simulacrum (Vaults:2)
  A water moccasin skeleton (Crypt:3)
  A polar bear zombie (Crypt:2)
  A killer bee (D:9)
  The ghost of BradSin the Ducker, a weakling MfGl (D:3)
  5 electric eels
  10 howler monkeys
  A raiju skeleton (Crypt:3)
  A centaur zombie (Crypt:1)
  5 hounds
  3 jellies
  25 orc priests
  3 iron imps (Abyss:3)
  17 iguanas
  Terence (D:3)
  24 orc wizards
  2 yak simulacra (Lair:2)
  2 polar bear simulacra
  3 spriggan simulacra
  10 wolf simulacra
  A deep dwarf skeleton (Crypt:3)
  38 mummies
  12 adders
  12 gnolls
  A river rat (D:4)
  A naga simulacrum (Orc:1)
  A steam dragon skeleton (Crypt:2)
  3 shadow imps
  A white imp (D:6)
  2 ufetubi (Abyss:3)
  A lava snake zombie (Crypt:2)
  6 worms
  2 dart slugs
  95 orcs
  5 ball pythons
  2 bats
  8 endoplasms
  6 giant cockroaches
  3 goblins (D:3)
  4 hobgoblins
  12 jackals
  6 quokkas
  27 frilled lizards
  A hobgoblin skeleton (Crypt:3)
  24 kobolds
  An orc zombie (Crypt:3)
  2 quokka skeletons (Crypt:1)
  6 rats
  A river rat simulacrum (Lair:2)
  A fulminant prism (D:10)
  A lurking horror (Abyss:3)
  11 starspawn tentacles
  A tentacle (Abyss:5)
2893 creatures vanquished.

Vanquished Creatures (collateral kills)
  A rockslime (Slime:5)
  A death yak (Lair:4)
  2 orcs (D:9)
4 creatures vanquished.

Vanquished Creatures (others)
  A deep elf knight (Elf:2)
  A salamander (Snake:3)
  2 bloated husks
  An air elemental (Elf:3)
  A wolf (IceCv)
  2 starcursed masses (Abyss:3)
  A small abomination (Abyss:5)
  An orc (D:5)
  A frilled lizard (Lair:3)
  5 demonic plants (Abyss:3)
  136 foxfires
  21 fulminant prisms
  26 fungi
  54 plants
  42 starspawn tentacles
  3 tentacles (Abyss:5)
298 creatures vanquished.

Grand Total: 3195 creatures vanquished

Notes
Turn   | Place    | Note
-------+----------+-------------------------------------------
     0 | D:1      | omnomnOMINOUS the Octopode Wanderer began the quest for the
                  | Orb.
     0 | D:1      | omnomnOMINOUS set off with the following items: a +0
                  | quarterstaff, a +0 hat, a scroll of blinking; and the
                  | following spell memorised: Freeze; and the following spells
                  | available to memorise: Frozen Ramparts, Hailstorm.
     0 | D:1      | Reached XP level 1. HP: 11/11 MP: 2/2
    79 | D:1      | Reached XP level 2. HP: 18/18 MP: 3/3
   173 | D:1      | Found a faded altar of an unknown god.
   177 | D:1      | Prayed at the altar of an unknown god.
   177 | D:1      | Became a worshipper of Vehumet
   177 | D:1      | Reached * piety under Vehumet
   177 | D:1      | Offered knowledge of Sandblast by Vehumet.
   679 | D:2      | Reached skill level 1 in Fighting
   691 | D:2      | Reached XP level 3. HP: 17/23 MP: 5/5
  1055 | D:2      | Found Cuonlyna's Distillery.
  1063 | D:2      | Bought a potion of curing for 36 gold pieces
  1063 | D:2      | Bought a potion of heal wounds for 60 gold pieces
  1222 | D:2      | Reached ** piety under Vehumet
  1222 | D:2      | Offered knowledge of Foxfire by Vehumet.
  1446 | D:2      | Learned a level 1 spell: Foxfire
  1496 | D:3      | Noticed Terence
  1508 | D:3      | Killed Terence
  1509 | D:3      | Reached XP level 4. HP: 6/28 MP: 6/6
  1693 | D:3      | Noticed Grinder
  1725 | D:3      | Killed Grinder
  1726 | D:3      | Reached XP level 5. HP: 20/35 MP: 8/8
  1726 | D:3      | Reached XP level 6. HP: 23/41 MP: 9/9
  2104 | D:3      | Found a runed translucent gate.
  2104 | D:3      | Noticed tio's ghost (amateur HuWn)
  2105 | D:3      | Noticed flotson's ghost (amateur DsDe)
  2105 | D:3      | Noticed Wiilli's ghost (amateur GrEE)
  2105 | D:3      | Noticed IdlyInterested's ghost (amateur DsGl)
  2106 | D:3      | Found a runed translucent gate.
  2106 | D:3      | Found a runed translucent gate.
  2106 | D:3      | Noticed BradSin's ghost (weakling MfGl)
  2143 | D:3      | Noticed Sigmund
  2200 | D:3      | Killed Sigmund
  2201 | D:3      | Reached XP level 7. HP: 45/45 MP: 6/11
  2268 | D:3      | Offered knowledge of Inner Flame by Vehumet.
  2478 | D:3      | Learned a level 3 spell: Inner Flame
  2554 | D:3      | Found a shimmering altar of Xom.
  3006 | D:4      | Reached skill level 5 in Stealth
  3021 | D:4      | Reached *** piety under Vehumet
  3072 | D:4      | You fall into a shaft and drop 2 floors!
  3072 | D:6      | Found a broken altar of Ashenzari.
  3079 | D:5      | Entered Level 5 of the Dungeon
  3215 | D:4      | Found a glowing drain.
  3219 | Sewer    | Entered a sewer
  3630 | D:4      | Reached XP level 8. HP: 51/52 MP: 13/13
  3948 | D:5      | Offered knowledge of Stone Arrow by Vehumet.
  3975 | D:4      | Learned a level 3 spell: Stone Arrow
  4058 | D:5      | Reached skill level 5 in Conjurations
  5362 | D:6      | Reached skill level 5 in Dodging
  5494 | D:6      | Reached skill level 1 in Earth Magic
  5495 | D:6      | Reached **** piety under Vehumet
  5499 | D:6      | Reached XP level 9. HP: 59/59 MP: 15/15
  5785 | D:6      | Noticed Edmund
  5802 | D:6      | Killed Edmund
  5966 | D:6      | Reached skill level 5 in Fighting
  6332 | D:7      | Offered knowledge of Dazzling Flash by Vehumet.
  6682 | D:7      | Noticed an unseen horror
  6689 | D:7      | Killed an unseen horror
  6969 | D:7      | Reached XP level 10. HP: 53/68 MP: 16/16
  7181 | D:2      | Bought 2 potions of heal wounds for 120 gold pieces
  7181 | D:2      | Bought a potion of might for 48 gold pieces
  7181 | D:2      | Bought a potion of curing for 36 gold pieces
  7285 | D:7      | Noticed Menkaure
  7289 | D:7      | Killed Menkaure
  7434 | D:7      | Found a staircase to the Ecumenical Temple.
  7441 | D:7      | Identified the ring "Qaots" {Str+4 Slay+4}
  7526 | D:7      | Found a bloodstained altar of Trog.
  7731 | D:8      | Found a staircase to the Lair.
  8264 | D:8      | Found a radiant altar of Vehumet.
  8306 | D:8      | Reached ***** piety under Vehumet
  8344 | D:8      | Offered knowledge of Olgreb's Toxic Radiance by Vehumet.
  8384 | D:8      | Noticed Prince Ribbit
  8390 | D:8      | Killed Prince Ribbit
  8952 | D:9      | Found an iron altar of Okawaru.
  9139 | D:9      | Found the +7 staff of the Meek {protect, meekguard}
  9186 | D:9      | Reached skill level 5 in Earth Magic
  9367 | D:9      | Reached skill level 10 in Stealth
  9667 | D:10     | Entered Level 10 of the Dungeon
 10115 | Lair:1   | Entered Level 1 of the Lair of Beasts
 10123 | D:8      | Reached XP level 11. HP: 66/74 MP: 17/17
 10246 | Lair:1   | Learned a level 4 spell: Fulminant Prism
 10251 | Lair:1   | Learned a level 4 spell: Iskenderun's Mystic Blast
 11359 | Lair:2   | Noticed a necromancer
 11362 | Lair:2   | Killed a necromancer
 11536 | Lair:2   | Found a staircase to the Snake Pit.
 11789 | Lair:2   | Reached skill level 1 in Hexes
 11789 | Lair:2   | Reached skill level 1 in Translocations
 12421 | Lair:2   | Noticed a five-headed hydra
 12488 | Lair:2   | Killed a five-headed hydra
 12622 | Lair:2   | Reached XP level 12. HP: 82/82 MP: 16/18
 12728 | Lair:2   | Noticed a four-headed hydra
 12733 | Lair:2   | Killed a four-headed hydra
 12796 | Lair:2   | Found a staircase to the Swamp.
 13501 | Lair:3   | Noticed Sonja
 13524 | Lair:3   | Killed Sonja
 13907 | Lair:3   | Noticed Amaemon
 13914 | Lair:3   | Killed Amaemon
 14418 | Lair:3   | Reached skill level 5 in Staves
 15078 | Lair:4   | Found a staircase to the Slime Pits.
 15078 | Lair:4   | Found a viscous altar of Jiyva.
 15555 | Lair:4   | Offered knowledge of Orb of Destruction by Vehumet.
 15832 | Lair:4   | Reached XP level 13. HP: 70/90 MP: 7/19
 16613 | Lair:5   | Entered Level 5 of the Lair of Beasts
 16670 | Lair:5   | Reached skill level 5 in Translocations
 16851 | Lair:5   | Reached skill level 5 in Hexes
 17066 | Lair:5   | Reached skill level 10 in Conjurations
 18136 | Lair:4   | Offered knowledge of Lightning Bolt by Vehumet.
 18376 | Lair:5   | Noticed Rupert
 18380 | Lair:5   | Reached skill level 10 in Dodging
 18390 | Lair:5   | Killed Rupert
 18617 | Lair:5   | Reached XP level 14. HP: 96/98 MP: 16/20
 19490 | Lair:5   | Reached skill level 10 in Fighting
 19684 | Lair:5   | Reached skill level 5 in Spellcasting
 20052 | Lair:5   | Found a corrupted altar of Lugonu.
 20052 | Lair:5   | Found a one-way gate to the infinite horrors of the Abyss.
 20057 | Lair:5   | Identified the ring "Tienwy" {rPois MP-9 Str+6 Dex+3}
 21195 | D:10     | Reached ****** piety under Vehumet
 21444 | D:11     | Found Yskum's Assorted Antiques.
 21487 | D:11     | Bought a smoking pewter ring for 160 gold pieces
 21487 | D:11     | Identified the ring "Xustedd" {rElec Dex+6} (You bought it
                  | in a shop on level 11 of the Dungeon)
 21500 | D:11     | Noticed Lodul
 21508 | D:11     | Killed Lodul
 21731 | D:11     | Noticed Josephine
 21738 | D:11     | Noticed Erica
 21747 | D:11     | Killed Josephine
 21748 | D:11     | Offered knowledge of Starburst by Vehumet.
 21752 | D:11     | Killed Erica
 22045 | D:11     | Found a staircase to the Orcish Mines.
 22187 | D:11     | Found an iron altar of Okawaru.
 22624 | D:11     | Identified the +7 hand axe of Inflation {antimagic, rPois
                  | rF+ rN+ Int+2}
 22695 | D:11     | Identified the +5 whip of Psychosis {heavy, *Rage rC+ MP+9
                  | Str+3}
 22695 | D:11     | Identified the +1 ring mail of Kaekeigh {rElec rF+ Regen+
                  | Dex+3}
 23251 | D:11     | Identified the +8 halberd of Domination {flame, *Corrode
                  | Int+7 Dex+4}
 23661 | D:11     | Identified the +4 dagger "Ritwey" {flame, Will+++ Str-4
                  | Dex+3}
 23854 | D:11     | Noticed Snorg
 23866 | D:11     | Killed Snorg
 24214 | D:12     | Found a huge runed translucent gate.
 24214 | D:12     | Found a huge runed translucent gate.
 24214 | D:12     | Found a huge runed translucent gate.
 24214 | D:12     | Found a huge runed translucent gate.
 24478 | D:12     | Reached XP level 15. HP: 85/105 MP: 13/24
 25167 | D:12     | Identified a scroll of acquirement
 25174 | D:12     | Acquired the +0 staff of Battle
 25174 | D:12     | Found the +0 staff of Battle
 26271 | D:13     | Found the +4 robe of Folly {Brill Will-∞ Int+8}
 26322 | D:13     | Offered knowledge of Conjure Ball Lightning by Vehumet.
 26775 | D:13     | Found a gate to the Vaults.
 26948 | D:14     | Noticed Kirke
 26963 | D:14     | Killed Kirke
 27446 | D:14     | Identified the +1 rapier of Duty {drain, Str+4}
 27876 | D:14     | Reached skill level 10 in Staves
 28068 | D:15     | Entered Level 15 of the Dungeon
 28884 | D:15     | Found a staircase to the Depths.
 28896 | D:15     | Reached XP level 16. HP: 88/114 MP: 14/25
 29678 | D:15     | Offered knowledge of Iron Shot by Vehumet.
 29837 | D:15     | Learned a level 6 spell: Iron Shot
 29946 | Orc:1    | Entered Level 1 of the Orcish Mines
 30170 | Orc:1    | Found a frozen archway.
 30283 | IceCv    | Entered an ice cave
 31247 | IceCv    | Got the Treatise on the Snowflakes
 31296 | IceCv    | Learned a level 5 spell: Freezing Cloud
 31837 | Orc:2    | Entered Level 2 of the Orcish Mines
 31837 | Orc:2    | Found a staircase to the Elven Halls.
 32074 | Orc:2    | Found Qitioti's Antique Weapon Shoppe.
 32230 | Orc:2    | Offered knowledge of Maxwell's Capacitive Coupling by
                  | Vehumet.
 33330 | Orc:2    | Found a burning altar of Makhleb.
 33463 | Orc:2    | Found Hiocwem's Distillery.
 33463 | Orc:2    | Found Dijonal's Weapon Shoppe.
 33463 | Orc:2    | Found Owuhakol's Antique Armour Emporium.
 33466 | Orc:2    | Found Yric's Antique Armour Shop.
 33691 | Elf:1    | Entered Level 1 of the Elven Halls
 33975 | Swamp:1  | Entered Level 1 of the Swamp
 34169 | Swamp:1  | Reached skill level 1 in Air Magic
 34671 | Swamp:1  | Reached skill level 5 in Ice Magic
 35007 | Swamp:2  | Identified the +1 war axe of Righteous Fury {venom, rElec
                  | SInv Stlth+}
 35427 | Swamp:2  | Reached XP level 17. HP: 95/122 MP: 11/26
 37342 | Swamp:4  | Entered Level 4 of the Swamp
 38308 | Swamp:4  | Noticed Nikola
 38448 | Swamp:4  | Killed Nikola
 38518 | Swamp:4  | Offered knowledge of Fire Storm by Vehumet.
 38518 | Swamp:4  | Offered knowledge of Polar Vortex by Vehumet.
 38518 | Swamp:4  | Offered knowledge of Ignition by Vehumet.
 39258 | Swamp:4  | Got a decaying rune of Zot
 39598 | Snake:1  | Entered Level 1 of the Snake Pit
 39941 | Snake:1  | Noticed Jorgrun
 39945 | Snake:1  | Killed Jorgrun
 40981 | Snake:1  | Reached XP level 18. HP: 130/130 MP: 22/27
 41168 | Snake:1  | Reached skill level 5 in Air Magic
 41484 | Snake:2  | Noticed Vashnia
 41484 | Snake:2  | Noticed Saint Roka
 41517 | Snake:2  | Noticed Aizul
 41520 | Snake:1  | Upgraded the game from 0.30-a0-634-g8abc85282e to
                  | 0.30-a0-652-gcc886f7154
 42468 | Snake:1  | Killed Vashnia
 43475 | Snake:1  | Killed Saint Roka
 43760 | Snake:2  | Killed Aizul
 45320 | Snake:3  | Reached skill level 10 in Ice Magic
 46774 | Snake:4  | Entered Level 4 of the Snake Pit
 46774 | Snake:4  | Noticed Asterion
 46781 | Snake:4  | Killed Asterion
 47705 | Snake:4  | Reached XP level 19. HP: 137/137 MP: 25/30
 47736 | Snake:4  | Noticed Mlioglotl
 47743 | Snake:4  | Killed Mlioglotl
 47760 | Snake:4  | Found Qaitaich's Distillery.
 47860 | Snake:4  | Got Anioba's Book of Fetching Shaping
 47865 | Snake:4  | Bought a potion of haste for 120 gold pieces
 47865 | Snake:4  | Bought a potion of heal wounds for 60 gold pieces
 47865 | Snake:4  | Bought a potion of heal wounds for 60 gold pieces
 48470 | Snake:4  | Reached skill level 10 in Earth Magic
 50008 | Snake:4  | Reached skill level 15 in Dodging
 50577 | Snake:4  | Got a serpentine rune of Zot
 51028 | Snake:4  | Found Qaitaich's Distillery.
 51548 | Vaults:1 | Entered Level 1 of the Vaults
 53313 | Vaults:1 | Identified the +12 battleaxe "Eryej" {vamp, Contam rC+++
                  | Will- rCorr}
 53585 | Vaults:1 | Reached skill level 15 in Fighting
 54235 | Vaults:2 | Reached XP level 20. HP: 144/145 MP: 6/32
 54235 | Vaults:2 | Found a crumbling gateway.
 54334 | Desolati | Entered the Desolation of Salt
 56081 | Desolati | Identified the amulet "Nehaciradi" {Acrobat rPois Regen+
                  | Int+4 Dex-4}
 57117 | Desolati | Identified the ring "Quemygg" {Drain rElec Int+6 Dex+6
                  | Stlth+}
 57354 | Desolati | Got Araetze's Excursus on the Amalgamated Snowflakes
 57356 | Desolati | Got Baraod's Writings on the Retinue and Changes
 57799 | Desolati | Identified the ring "Zamiskis" {+Blink rElec rC- rCorr
                  | Str+6}
 57807 | Desolati | Identified the ring of Linearity {rC+ Int+2}
 57812 | Desolati | Got Sif Muna's Papyrus of Glacial Anemomancy
 57881 | Desolati | Identified the +3 short sword of Kaoschuu {speed, rElec
                  | Str+2 Dex-3 Stlth+}
 57884 | Desolati | Identified the amulet "Caxoagg" {rN+ Regen+ Str+6}
 57911 | Vaults:2 | Upgraded the game from 0.30-a0-652-gcc886f7154 to
                  | 0.30-a0-691-g754fce4c43
 57925 | Vaults:2 | Got the Thoughts on Enchantment
 57957 | Vaults:2 | Found Seutz's Jewellery Boutique.
 60697 | Vaults:2 | Reached XP level 21. HP: 153/153 MP: 16/33
 60703 | Vaults:2 | Reached skill level 10 in Air Magic
 61234 | Vaults:3 | Found a flickering gateway to a bazaar.
 61252 | Bazaar   | Entered a bazaar
 61319 | Bazaar   | Found Safuga's Antique Weapon Emporium.
 61331 | Bazaar   | Found Orogoab's Antique Weapon Shoppe.
 61346 | Bazaar   | Found Ceiseiv's Antique Armour Shoppe.
 61358 | Bazaar   | Found Yguchedo's Antique Armour Emporium.
 61389 | Bazaar   | Bought an ancient shortbow for 176 gold pieces
 61389 | Bazaar   | Identified the +5 shortbow of Getoffui {flame, Str+2 Int+5}
                  | (You bought it in a shop in a bazaar)
 61399 | Bazaar   | Bought a fine trident for 195 gold pieces
 61399 | Bazaar   | Identified the +5 trident of the Depths {elec, rElec rC-
                  | Will+++ Dex-5} (You bought it in a shop in a bazaar)
 62167 | Vaults:3 | Learned a level 2 spell: Passwall
 62171 | Vaults:3 | Learned a level 3 spell: Swiftness
 63865 | Vaults:3 | Found a staircase to the Crypt.
 63865 | Vaults:3 | Found a basalt altar of Yredelemnul.
 63866 | Vaults:3 | Found an ancient bone altar of Kikubaaqudgha.
 65064 | Vaults:4 | Reached XP level 22. HP: 127/162 MP: 19/35
 65588 | Vaults:4 | Found Ociur's Weapon Shop.
 65643 | Vaults:4 | Bought a +0 lajatang for 330 gold pieces
 68043 | Depths:1 | Entered Level 1 of the Depths
 68518 | Depths:1 | Reached skill level 1 in Shields
 68669 | Depths:1 | Found a transporter.
 69329 | Depths:1 | Found a gateway to Hell.
 69424 | Depths:1 | Found a transporter.
 69451 | Depths:1 | Gained mutation: You are vulnerable to heat. (rF-)
                  | [mutagenic glow]
 69467 | Depths:1 | Gained mutation: You have hidden genetic defects.
                  | [mutagenic glow]
 69477 | Depths:1 | Gained mutation: You occasionally shout uncontrollably at
                  | your foes. [mutagenic glow]
 69624 | Depths:1 | Identified the ring of Ylimyown {rC+ MP+9 Int+2 Slay-6}
 69627 | Depths:1 | Lost mutation: You are vulnerable to heat. (rF-) [potion of
                  | mutation]
 69627 | Depths:1 | Lost mutation: You have hidden genetic defects. [potion of
                  | mutation]
 69627 | Depths:1 | Lost mutation: You occasionally shout uncontrollably at
                  | your foes. [potion of mutation]
 69627 | Depths:1 | Gained mutation: You are partially covered in large bone
                  | plates. (SH +4) [potion of mutation]
 69627 | Depths:1 | Gained mutation: You are strong-willed. (Will+) [potion of
                  | mutation]
 69627 | Depths:1 | Lost mutation: You are strong-willed. (Will+) [potion of
                  | mutation]
 69633 | Depths:1 | Identified the amulet of Midolor {Will+ Regen+}
 70074 | Depths:1 | Reached skill level 10 in Spellcasting
 70438 | Depths:1 | Found a glowing golden altar of the Shining One.
 70438 | Depths:1 | Found a white marble altar of Elyvilon.
 70438 | Depths:1 | Found a glowing silver altar of Zin.
 70595 | Depths:1 | Learned a level 1 spell: Shock
 71026 | Depths:2 | You fall into a shaft and drop 2 floors!
 71026 | Depths:4 | Entered Level 4 of the Depths
 71953 | Depths:2 | Found a one-way gate leading to the halls of Pandemonium.
 72305 | Depths:2 | Noticed a royal mummy
 72489 | Depths:2 | Noticed a royal mummy
 72493 | Depths:2 | Noticed a royal mummy
 72493 | Depths:2 | Found the +7 sceptre of Torment {pain, torment}
 72498 | Depths:2 | Killed a royal mummy
 72563 | Depths:2 | Killed a royal mummy
 72681 | Depths:2 | Killed a royal mummy
 72682 | Depths:2 | Reached XP level 23. HP: 145/169 MP: 15/37
 73418 | Depths:3 | Identified the +8 war axe "Hualloin" {freeze, Contam Will+
                  | Stlth+}
 73437 | Depths:3 | Noticed Margery
 73449 | Depths:3 | Killed Margery
 73572 | Depths:3 | Reached skill level 5 in Shields
 74020 | Depths:3 | Found a one-way gateway to a ziggurat.
 74306 | Depths:3 | Noticed the Enchantress
 74329 | Depths:3 | Killed the Enchantress
 74343 | Depths:3 | Noticed a golden dragon
 74461 | Depths:3 | Killed a golden dragon
 75354 | Depths:3 | Acquired the ring "Patox" {Will+ Dex+6}
 76052 | Depths:3 | Noticed a golden dragon
 76056 | Depths:3 | Killed a golden dragon
 76260 | Depths:3 | Reached skill level 15 in Earth Magic
 76442 | Depths:3 | Learned a level 5 spell: Lee's Rapid Deconstruction
 76664 | Depths:4 | Learned a level 5 spell: Borgnjor's Vile Clutch
 76840 | Depths:4 | Found a gate to the Realm of Zot.
 77598 | Depths:4 | Reached XP level 24. HP: 83/148 MP: 2/38
 77989 | Depths:4 | Found a sacrificial altar of Ru.
 78736 | Elf:1    | Noticed Zenata
 78759 | Elf:1    | Killed Zenata
 78785 | Elf:1    | Noticed Azrael
 78796 | Elf:1    | Killed Azrael
 79146 | Elf:1    | Found Pukaoc's Jewellery Shoppe.
 79154 | Elf:1    | Noticed Roxanne
 79164 | Elf:1    | Killed Roxanne
 79254 | Elf:1    | You fall into a shaft and drop 1 floor!
 79734 | Elf:1    | Identified the ring "Taggedo" {rCorr SInv}
 80246 | Elf:2    | Found Peacoobb's Jewellery Emporium.
 80255 | Elf:2    | Bought the ring of Brilliance {+Blink rC+ Dex+3} for 860
                  | gold pieces
 80572 | Elf:2    | Found a runed translucent gate.
 80573 | Elf:2    | Found a runed translucent gate.
 80573 | Elf:2    | Found a runed translucent gate.
 81504 | Elf:3    | Entered Level 3 of the Elven Halls
 82370 | Elf:3    | Found Zohetyint's Book Emporium.
 82370 | Elf:3    | Found Olalla's Jewellery Boutique.
 82371 | Elf:3    | Found Boef Pai's Book Emporium.
 82385 | Elf:3    | Bought the ring of Butchery {rN+ Int+5} for 487 gold pieces
 82395 | Elf:3    | Bought a book of Party Tricks for 256 gold pieces
 82395 | Elf:3    | Bought a book of Transfigurations for 640 gold pieces
 82397 | Elf:3    | Learned a level 1 spell: Apportation
 82403 | Elf:3    | Learned a level 5 spell: Irradiate
 82429 | Elf:3    | Found Rudysul's Magic Scroll Boutique.
 82436 | Elf:3    | Bought a scroll of blinking for 135 gold pieces
 82595 | Elf:3    | Identified the +7 quarterstaff of Extermination {drain,
                  | Dex+3}
 82595 | Elf:3    | Identified the ring of Qadaotua {rPois rCorr Slay+3}
 82884 | Elf:3    | Noticed Louise
 82892 | Elf:3    | Killed Louise
 83343 | Elf:3    | Identified the ring "Jaysch" {rC+ Will+ Str+6 Dex+3}
 83614 | Elf:3    | Identified the +7 dire flail "Jellybane" {spect, rElec rF+
                  | Dex+2}
 83747 | Elf:3    | Got Rets's Directory of Crystalline Orientation
 83760 | Elf:3    | Got Sif Muna's Parchment of Calefaction
 83775 | Elf:3    | Identified the +1 pair of gloves of the Sturgeon {Fly
                  | Int+3}
 83836 | Elf:3    | Identified the +3 sling of Causality {drain, rElec rC- rN+}
 84374 | Slime:1  | Entered Level 1 of the Pits of Slime
 84382 | Slime:1  | Reached skill level 5 in Evocations
 84606 | Slime:1  | Gained mutation: Your spells are a little easier to cast,
                  | but a little less powerful. [a shining eye]
 84814 | Slime:1  | Reached XP level 25. HP: 180/186 MP: 30/39
 85965 | Slime:5  | Entered Level 5 of the Pits of Slime
 86063 | Slime:5  | Noticed the Royal Jelly
 87186 | Slime:4  | Noticed Dissolution
 87190 | Slime:4  | Killed Dissolution
 87470 | Slime:5  | Gained mutation: You are clumsy. (Dex -2) [a shining eye]
 87683 | Slime:5  | Found a viscous altar of Jiyva.
 87799 | Slime:5  | Killed the Royal Jelly
 88014 | Slime:5  | Got a slimy rune of Zot
 88047 | Slime:5  | Got the Catalogue of Gases
 88055 | Slime:5  | Identified the +3 plate armour of Midwinter {rPois Will+
                  | Slay+4}
 88080 | Slime:5  | Identified the +3 troll leather armour of Wasted Space
                  | {Regen+ Str+4}
 88099 | Slime:5  | Identified the +7 great mace of Darkness {freeze, Int+2
                  | Stlth+}
 88615 | D:3      | Killed BradSin's ghost
 88616 | D:3      | Killed flotson's ghost
 88617 | D:3      | Killed Wiilli's ghost
 88618 | D:3      | Killed IdlyInterested's ghost
 88619 | D:3      | Killed tio's ghost
 89037 | Crypt:1  | Entered Level 1 of the Crypt
 90029 | Crypt:1  | Found a basalt altar of Yredelemnul.
 90448 | Crypt:1  | Identified the amulet "Udott" {Will++ Regen+ Int-3 Dex+4}
 90494 | Crypt:1  | Identified the amulet of Ruqedan {Regen+ Str+4}
 90621 | Crypt:1  | Lost mutation: You are partially covered in large bone
                  | plates. (SH +4) [potion of mutation]
 90621 | Crypt:1  | Lost mutation: You are clumsy. (Dex -2) [potion of
                  | mutation]
 90621 | Crypt:1  | Gained mutation: You are resistant to electric shocks.
                  | (rElec) [potion of mutation]
 90621 | Crypt:1  | Gained mutation: Your muscles are strong. (Str +4, Int/Dex
                  | -1) [potion of mutation]
 90622 | Crypt:1  | Lost mutation: Your spells are a little easier to cast, but
                  | a little less powerful. [potion of mutation]
 90622 | Crypt:1  | Lost mutation: Your muscles are strong. (Str +4, Int/Dex
                  | -1) [potion of mutation]
 90622 | Crypt:1  | Lost mutation: You are resistant to electric shocks.
                  | (rElec) [potion of mutation]
 90622 | Crypt:1  | Gained mutation: You are partially covered in iridescent
                  | scales. (AC +2) [potion of mutation]
 90622 | Crypt:1  | Gained mutation: You are clumsy. (Dex -2) [potion of
                  | mutation]
 90632 | Crypt:1  | Found a basalt altar of Yredelemnul.
 91447 | Crypt:2  | Reached skill level 10 in Hexes
 91932 | Crypt:3  | Entered Level 3 of the Crypt
 92792 | Crypt:3  | Reached XP level 26. HP: 144/195 MP: 40/40
 93074 | Crypt:3  | Identified the ring of Kuyvesef {rC- Will++ EV+5 Str-2
                  | Int+9}
 93537 | Crypt:3  | Noticed an ancient lich
 93554 | Crypt:3  | Killed an ancient lich
 93820 | Crypt:3  | Identified the ring "Esiukyog" {*Slow rN+ Int+3 Stlth+}
 93820 | Crypt:3  | Identified the ring "Muikh" {rElec rN+ Int+3 Dex-5}
 95065 | Crypt:3  | Found a staircase to the Tomb.
 95694 | Tomb:1   | Entered Level 1 of the Tomb of the Ancients
 95763 | Tomb:1   | Identified the +9 quarterstaff of Uramn {flame, rN+ Dex+5}
 96557 | Tomb:1   | Noticed a royal mummy
 96579 | Tomb:1   | Noticed a royal mummy
 96837 | Tomb:1   | Killed a royal mummy
 97002 | Tomb:1   | Killed a royal mummy
 97588 | Tomb:2   | Noticed a royal mummy
 97590 | Tomb:2   | Noticed a royal mummy
 97590 | Tomb:2   | Noticed a royal mummy
 97592 | Tomb:2   | Noticed a royal mummy
 97659 | Tomb:2   | Killed a royal mummy
 98384 | Tomb:2   | Killed a royal mummy
 98735 | Tomb:2   | Killed a royal mummy
 98913 | Tomb:2   | Killed a royal mummy
 99234 | Tomb:1   | Noticed a royal mummy
 99235 | Tomb:1   | Noticed a royal mummy
 99236 | Tomb:1   | Noticed a royal mummy
 99237 | Tomb:1   | Noticed a royal mummy
 99237 | Tomb:1   | Noticed a royal mummy
 99237 | Tomb:1   | Noticed a royal mummy
 99238 | Tomb:1   | HP: 2/195 [ancient champion/iron shot (37)]
100248 | Lair:5   | Voluntarily entered the Abyss.
100308 | Abyss:3  | Found a corrupted altar of Lugonu.
100383 | Abyss:3  | Reached XP level 27. HP: 199/201 MP: 29/41
100428 | Abyss:3  | Found a corrupted altar of Lugonu.
100453 | Abyss:3  | Found a corrupted altar of Lugonu.
100533 | Abyss:3  | Found a corrupted altar of Lugonu.
100533 | Abyss:3  | Found a corrupted altar of Lugonu.
101248 | Abyss:3  | Found a corrupted altar of Lugonu.
101667 | Abyss:3  | Gained mutation: You are dopey. (Int -2) [a neqoxec]
102367 | Abyss:3  | Found a corrupted altar of Lugonu.
102381 | Abyss:3  | Found a corrupted altar of Lugonu.
102569 | Abyss:5  | Found a corrupted altar of Lugonu.
102571 | Abyss:5  | Found a corrupted altar of Lugonu.
102621 | Abyss:5  | Found a corrupted altar of Lugonu.
102741 | Abyss:5  | Got an abyssal rune of Zot
102795 | Lair:5   | Escaped the Abyss
103123 | Snake:1  | Learned a level 9 spell: Shatter
103483 | Vaults:5 | Entered Level 5 of the Vaults
103499 | Vaults:5 | Paralysed by a floating eye for 2 turns
103512 | Vaults:5 | Noticed a dread lich
103517 | Vaults:5 | Killed a dread lich
103523 | Vaults:5 | Noticed an ancient lich
103526 | Vaults:5 | Identified the +9 flail of the Empty Page {freeze, rPois}
103528 | Vaults:5 | Killed an ancient lich
103986 | Vaults:5 | Identified the ring of Legefus {rElec rPois Int+4 SInv}
104657 | Vaults:5 | Identified the +9 mace of the Nurturing Gods {spect, rCorr
                  | Dex+4}
104690 | Vaults:5 | Learned a level 2 spell: Blink
104694 | Vaults:5 | Got a silver rune of Zot
104771 | Vaults:5 | Reached skill level 15 in Conjurations
105182 | Vaults:5 | Identified the +1 leather armour "Sueqas" {Will+++ Int+2}
105290 | Vaults:5 | Identified the +3 leather armour of Distant Shores {Int+3
                  | Dex-5}
105474 | Vaults:5 | Identified the +1 flail of Xuec {venom, rPois rCorr}
105755 | Vaults:5 | Identified the ring of the Evening {rPois Str+8 Dex-3
                  | Slay+6}
106112 | Tomb:1   | Noticed a royal mummy
106116 | Tomb:1   | Slain by a royal mummy

Illustrated notes

Levels and vault maps discovered:
D:1:      matt_arrival_refuge, layout_basic,
          hellmonk_ecumenical_altar_heavens_door
D:2:      layout_loops_ring, serial_shops, nicolae_shop_advertising_works
          [nicolae_subvault_shop_adworks], grunt_ministairs_14, st_stairs_13
D:3:      layout_basic, overflow_temple_1_default, gammafunk_ghost_cemetery,
          minmay_increasing_density, uniq_sigmund, uniq_terence, uniq_grinder
D:4:      layout_gridville, gup_sewer_entry_spiral, chequers_arboretum
D:5:      layout_basic, nicolae_figureground_sparkle
D:6:      layout_rooms, nicolae_ashenzari_skybound,
          hangedman_abyss_or_decor_stabs, kennysheep_generic_room_2, uniq_edmund
D:7:      layout_basic, mainiacjoe_overflow_surrounded_room,
          minmay_temple_entry_fiery, uniq_menkaure
D:8:      layout_basic, nicolae_vehumet_radiance, erik_lair_orcish_takeover,
          uniq_prince_ribbit1
D:9:      layout_rooms, okawaru_trees_1, st_stairs_9, pf_guarded_unrand_meek
D:10:     layout_basic, bh_walls_and_bars
D:11:     evilmike_iron_armoury, layout_loops_ring, orc_0_dummy, serial_shops,
          nicolae_stop_n_shop_1, uniq_snorg, uniq_erica, uniq_josephine,
          uniq_lodul
D:12:     lemuel_bear_cage, layout_small_grid
D:13:     layout_basic, grunt_vaults_entry_fortified
D:14:     layout_roguey, serial_rivers, chequers_serial_rivers_room_b,
          chequers_serial_rivers_micro_a, chequers_serial_rivers_small_3,
          chequers_serial_rivers_room_b, chequers_serial_rivers_small_3,
          hangedman_abyss_or_decor_passed, uniq_kirke
D:15:     grunt_enter_depths_hoard, layout_basic, serial_bayou_pond_e,
          dreamdust_mushroom_princess
Lair:1:   layout_concentric_octagons
Lair:2:   layout_regular_city, palyth_hydra_swamp_entry,
          minmay_snake_entry_guardpost_small, eino_house_with_fridge
Lair:3:   lemuel_reptile_caves, layout_layer_cave, uniq_sonja, uniq_amaemon
Lair:4:   layout_hall_layers, nicolae_slime_entry_slimehenge,
          nicolae_lair_lindhole
Lair:5:   hellmonk_lair_end_abyssal_woods, layout_regular_city,
          serial_bayou_shore_a, grunt_megastairs_2, uniq_rupert
Swamp:1:  layout_basic_swamp, nicolae_swamp_tree_designs, swamp_pool2
Swamp:2:  layout_falls_marsh, serial_swamp_ruin, evilmike_swamp_ruin_house_1,
          evilmike_swamp_ruin_house_4
Swamp:3:  dpeg_oklob_gauntlet, layout_falls_marsh, evilmike_swamp_ruin_rubble_1
Swamp:4:  swamp_alternative, layout_basic_swamp, uniq_nikola
Snake:1:  layout_onion, nicolae_snake_gridmaze_entwining, uniq_jorgrun
Snake:2:  layout_rooms, uniq_saint_roka, uniq_aizul, uniq_vashnia
Snake:3:  layout_layer_cave, grunt_ministairs_10
Snake:4:  grunt_snake_rune_spirals, layout_onion_interference, serial_shops,
          shop, hangedman_snake_corridor_cut, uniq_mlioglotl, uniq_asterion
Slime:1:  layout_caves, cheibrodos_slime_lost_civilization_7
Slime:2:  layout_caves
Slime:3:  layout_caves
Slime:4:  layout_caves, uniq_dissolution
Slime:5
Orc:1:    layout_caves, portal_ice_cave_entry_ice_simulacra
Orc:2:    st_orc_rangers, layout_caves, serial_shops,
          nicolae_shop_competitors_out_of_business, basic_altar
Elf:1:    eino_elf_arrival_sip, layout_rooms, serial_shops, shop_fountains,
          evilmike_minifort, uniq_roxanne, uniq_azrael, uniq_zenata
Elf:2:    nicolae_elf_blades_crystal_corner, layout_geoelf_octagon,
          serial_shops, nicolae_stop_n_shop_2
Elf:3:    minmay_elf_hall_spiked, layout_gridlike, serial_shops,
          nicolae_shop_trees, minmay_shop_grove, uniq_louise
Vaults:1: vaults_mumra_chevron_long, v_misc_30,
          vaults_mumra_minichess_inversion, nicolae_vaults_little_squares_1,
          ontoclasm_vaults_shuriken, grunt_vaults_focal, v_misc_30,
          nicolae_vaults_border_crossing, layout_vaults_omnigrid
Vaults:2: portal_desolation_entry_twin_temple, v_alt_pattern_1,
          nicolae_vaults_know_your_exits, v_misc_5,
          nicolae_vaults_network_barrier, dpeg_vaults_monster_row,
          nicolae_vaults_mini_display_case, v_pattern_4, ontoclasm_vaults_tryst,
          nicolae_vaults_alarming, v_misc_25, nicolae_vaults_little_squares_2,
          vaults_room_door_ring, vaults_room_semicircle,
          vaults_dpeg_encased_lava, layout_vaults_omnicross, serial_shops, shop
Vaults:3: minmay_crypt_entry_necro_gods, hangedman_vaults_nodes, v_pattern_3,
          vaults_room_hallway, vaults_room_door_ring, nicolae_vaults_triangles,
          ontoclasm_vaults_idyll, ontoclasm_vaults_gallery,
          ontoclasm_vaults_misaligned, grunt_vaults_hallway_short,
          layout_vaults_ring, serial_shops, bzr_entry_dummy
Vaults:4: v_misc_17, ontoclasm_vaults_bender, nicolae_vaults_arrows,
          nicolae_vaults_network_quinsquares
          [nicolae_vaults_network_quincunx_subvault,
          nicolae_vaults_network_quincunx_subvault,
          nicolae_vaults_network_quincunx_subvault,
          nicolae_vaults_network_quincunx_subvault],
          nicolae_vaults_little_squares_3, nicolae_vaults_twisting_passages,
          v_alt_pattern_1, vaults_room_mumra_shop_pool, vaults_mumra_hexcomb,
          v_pattern_2, dpeg_vaults_monster_box, layout_vaults_omnibox
Vaults:5
Crypt:1:  layout_basic, hangedman_crypt_dual_shrines, grunt_crypt_arrival_split
Crypt:2:  layout_gridlike
Crypt:3:  due_elkab, layout_chaotic_city, tomb_entry_shell_bobbens
Tomb:1
Tomb:2
Depths:1: gammafunk_its_a_trap, layout_gridlike, hangedman_abyss_entry_splay,
          hell_entry, hangedman_abyss_or_decor_clamps, hallowed_hall
Depths:2: minmay_guarded_unrand_sceptre_of_torment, layout_basic,
          grunt_pan_entry_in_and_out, serial_sigils,
          serial_sigils_hangedman_shear, serial_sigils_hangedman_scratch,
          serial_sigils_hangedman_leer, serial_sigils_hangedman_snap,
          serial_sigils_hangedman_scar, serial_sigils_hangedman_confine,
          grunt_hell_entry_dis_grunt, minmay_misc_feat_diagonals,
          abyss_entry_small_statue_room
Depths:3: nooodl_heptagram, layout_gridlike, enter_ziggurat_c, abyss_entry,
          infiniplex_staircase_pillars_1, hell_entry, rand_demon_pan_entry_9,
          uniq_margery, uniq_enchantress, uniq_josephina
Depths:4: grunt_zot_entry_tricorne, layout_cave_pools, abyss_entry_crystal,
          grunt_mini_vestibule, nicolae_ru_path_of_blood

Skill      XL: |  1  2  3  4  5  6  7  8  9 10 11 12 13 14 15 16 17 18 19 20 21 22 23 24 25 26 27 |
---------------+----------------------------------------------------------------------------------+-----
Stealth        | 2 3 4 5 6 8 10 11 12 13 14 | 14.0
Fighting       | 1 2 3 4 5 6 7 8 9 10 12 13 14 15 16 17 18 19 20 22 | 22.4
Dodging        | 3 4 5 6 7 8 9 10 11 12 13 14 15 16 17 18 19 20 21 22 | 22.7
Spellcasting   | 2 3 4 6 7 8 9 10 11 12 13 14 | 14.9
Conjurations   | 2 3 4 5 6 7 8 9 10 11 12 13 14 15 | 15.0
Earth Magic    | 1 3 5 6 7 8 9 10 12 13 14 15 16 17 18 20 | 20.3
Staves         | 2 4 5 7 8 10 11 12 13 14 | 14.0
Hexes          | 2 4 6 10 14 | 14.0
Translocations | 2 4 6 7 |  7.0
Ice Magic      | 5 8 10 12 13 14 | 14.0
Air Magic      | 2 4 6 8 9 11 12 13 14 | 14.0
Shields        | 4 5 |  5.0
Evocations     | 5 8 |  8.0

Action                   |  1- 3 |  4- 6 |  7- 9 | 10-12 | 13-15 | 16-18 | 19-21 | 22-24 | 25-27 || total
-------------------------+-------+-------+-------+-------+-------+-------+-------+-------+-------++-------
Melee: Quarterstaff      |    79 |    62 |   124 |   209 |   251 |     7 |    23 |    14 |       ||   769
       Tentacles         |    12 |    12 |    28 |    54 |    94 |    82 |   131 |   124 |   360 ||   897
       Constrict         |    14 |    12 |    37 |    42 |    50 |    42 |    55 |    31 |   110 ||   393
       Punch             |     1 |       |     1 |     1 |     9 |     2 |     5 |     8 |    29 ||    56
       Staff             |       |       |       |       |    72 |   236 |   276 |   225 |   730 ||  1539
       Lajatang          |       |       |       |       |       |       |       |     6 |       ||     6
 Cast: Foxfire           |       |     2 |    59 |       |       |       |       |       |       ||    61
       Stone Arrow       |       |       |   114 |   235 |   410 |   411 |    47 |     4 |       ||  1221
       Inner Flame       |       |       |     3 |    10 |    29 |    23 |     2 |       |       ||    67
       Fulminant Prism   |       |       |       |     5 |    15 |     2 |       |       |       ||    22
       Iskenderun's Myst |       |       |       |     6 |    20 |    21 |    14 |    27 |    66 ||   154
       Freezing Cloud    |       |       |       |       |       |    13 |    32 |    50 |    20 ||   115
       Iron Shot         |       |       |       |       |       |   200 |   517 |   521 |   696 ||  1934
       Shock             |       |       |       |       |       |       |       |     2 |     1 ||     3
       Passwall          |       |       |       |       |       |       |       |     3 |       ||     3
       Swiftness         |       |       |       |       |       |       |       |     1 |       ||     1
       Borgnjor's Vile C |       |       |       |       |       |       |       |    55 |    16 ||    71
       Lee's Rapid Decon |       |       |       |       |       |       |       |    12 |     7 ||    19
       Apportation       |       |       |       |       |       |       |       |       |     9 ||     9
       Shatter           |       |       |       |       |       |       |       |       |    28 ||    28
Evoke: Wand              |       |       |     1 |     1 |     9 |       |     1 |     5 |       ||    17
       Lightning rod     |       |       |       |       |     1 |     4 |       |     4 |     4 ||    13
       Phial of floods   |       |       |       |       |       |       |       |     3 |     1 ||     4
       Phantom mirror    |       |       |       |       |       |       |       |     1 |     1 ||     2
       Condenser vane    |       |       |       |       |       |       |       |     1 |     1 ||     2
       Tin of tremorston |       |       |       |       |       |       |       |       |     2 ||     2
       Box of beasts     |       |       |       |       |       |       |       |       |     1 ||     1
  Use: Potion            |       |     2 |       |     1 |    13 |     3 |    10 |     9 |    23 ||    61
       Scroll            |       |       |     4 |    13 |    12 |     3 |     5 |    16 |    26 ||    79
 Stab: Sleeping          |    11 |     7 |     8 |    11 |     5 |     8 |     2 |     2 |     4 ||    58
       Distracted        |     1 |       |       |     2 |     2 |     1 |     1 |     1 |     2 ||    10
       Invisible         |       |       |       |       |       |       |     2 |       |     4 ||     6
       Paralysed         |       |       |       |       |       |       |       |       |     4 ||     4
Armor: Skin              |     3 |     1 |    17 |    52 |   111 |    73 |    52 |    56 |    88 ||   453
Dodge: Dodged            |    43 |    65 |   178 |   289 |   392 |   450 |   367 |   340 |   846 ||  2970
Block: Buckler           |       |       |       |       |       |       |       |   125 |   285 ||   410

Table legend: (Time is in decaauts)
 A = Elapsed time spent in this place.
 B = Non-inter-level travel time spent in this place.
 C = Inter-level travel time spent in this place.
 D = Time resting spent in this place.
 E = Time spent auto-exploring this place.
 F = Levels seen in this place.
 G = Mean time per level.
                   A        B        C        D        E       F      G
               +--------+--------+--------+--------+--------+-----+--------+
         Total | 105640 |  96887 |   8753 |  35257 |  44365 |  61 | 1731.8 |
       Dungeon |  21394 |  18451 |   2943 |   4233 |  11056 |  15 | 1426.3 |
          Lair |  11510 |  10012 |   1498 |   3200 |   5079 |   5 | 2302.0 |
         Swamp |   5620 |   5381 |    239 |   2845 |   1883 |   4 | 1405.0 |
     Snake Pit |  11769 |  11247 |    522 |   5232 |   4580 |   4 | 2942.2 |
    Slime Pits |   3831 |   3649 |    182 |   1554 |   1390 |   5 |  766.2 |
  Orcish Mines |   2510 |   2408 |    102 |    792 |   1108 |   2 | 1255.0 |
   Elven Halls |   5764 |   5558 |    206 |   2271 |   2291 |   3 | 1921.3 |
        Vaults |  14640 |  12945 |   1695 |   4837 |   5962 |   5 | 2928.0 |
         Crypt |   6810 |   6409 |    401 |   1852 |   3590 |   3 | 2270.0 |
          Tomb |   4099 |   3645 |    454 |   1835 |    965 |   2 | 2049.5 |
        Depths |  10306 |   9801 |    505 |   3614 |   4382 |   4 | 2576.5 |
         Abyss |   2411 |   2411 |      0 |    567 |    691 |   5 |  482.2 |
        Bazaar |    166 |    166 |      0 |      0 |    118 |   1 |  166.0 |
         Sewer |    224 |    224 |      0 |    110 |     79 |   1 |  224.0 |
      Ice Cave |   1085 |   1085 |      0 |    445 |    367 |   1 | 1085.0 |
    Desolation |   3494 |   3494 |      0 |   1867 |    824 |   1 | 3494.0 |
               +--------+--------+--------+--------+--------+-----+--------+

Top non-repeatable levels by time:
 Snake:1: 4339 daAuts
 Snake:4: 4204 daAuts
 Crypt:3: 3741 daAuts
Desolation: 3494 daAuts
Depths:3: 3368 daAuts
Vaults:2: 3223 daAuts
Vaults:3: 3193 daAuts
  Lair:5: 3167 daAuts
Vaults:1: 3108 daAuts
Vaults:4: 2920 daAuts
Depths:1: 2736 daAuts
  Lair:4: 2657 daAuts
   Elf:3: 2565 daAuts
Depths:2: 2546 daAuts
  Lair:2: 2403 daAuts
